 Dungeon Crawl Stone Soup version 0.24.0-124-g2791043dd8 (webtiles) character file.

Game seed: 5709760969825936066, levelgen mode: deterministic

2512 Descartes the Scratcher (level 9, -6/35 HPs)
             Began as a Felid Transmuter on Feb 15, 2020.
             Mangled by a hippogriff (8 damage)
             ... on level 8 of the Dungeon.
             The game lasted 00:28:46 (7824 turns).

Descartes the Scratcher (Felid Transmuter)          Turns: 7824, Time: 00:28:46

Health: -6/35      AC:  5    Str:  9    XL:     9   Next: 28%
Magic:  16/16      EV: 23    Int: 17    God:
Gold:   380        SH:  0    Dex: 16    Spells: 4/17 levels left
                                        Lives:  0   Deaths: 2

rFire    . . .     SeeInvis +     - Unarmed
rCold    . . .     Gourm    .   (shield unavailable)
rNeg     . . .     Faith    .   (armour unavailable)
rPois    .         Spirit   .   (helmet unavailable)
rElec    .         Reflect  .   (cloak unavailable)
rCorr    .         Harm     .   (gloves unavailable)
MR       +....                  (boots unavailable)
Stlth    ++++......             m - amulet of regeneration
HPRegen  0.51/turn              (no ring)
MPRegen  0.15/turn              w - +3 ring of protection

@: confusing touch, quick
A: very small, no armour, no weapons or thrown items, stealth, claws 1, fangs 3,
horns 1, see invisible, carnivore, clever 1, speed 1, shaggy fur 2, slow
metabolism 1, sharp paws
a: no special abilities


You were on level 8 of the Dungeon.
You were completely stuffed.

You visited 2 branches of the dungeon, and saw 9 of its levels.
You also visited: Bailey.

You collected 380 gold pieces.

Inventory:

Missiles
 a - 113 arrows
 e - 267 stones
Jewellery
 l - an uncursed ring of fire
 m - an amulet of regeneration (around neck)
 w - a +3 ring of protection (right paw)
Wands
 j - a wand of enslavement (5)
Scrolls
 d - 3 scrolls of remove curse
 f - a scroll of magic mapping
 h - a scroll of immolation {unknown}
 k - 8 scrolls of teleportation
 n - a scroll of fear {unknown}
 p - a scroll of acquirement {unknown}
 t - 2 scrolls of random uselessness
 u - a scroll of blinking
 v - 3 scrolls of identify
 x - a scroll of enchant armour {unknown}
 y - a scroll of enchant weapon
 z - a scroll of amnesia {unknown}
Potions
 b - a potion of berserk rage
 g - a potion of ambrosia
 i - a potion of lignification
 o - a potion of experience {unknown}
 q - 6 potions of curing
 r - a potion of resistance {unknown}
Comestibles
 c - 12 rations
 s - 5 chunks of flesh


   Skills:
 - Level 1.0 Fighting
 + Level 7.7 Dodging
 + Level 7.7 Stealth
 * Level 7.8 Unarmed Combat
 + Level 4.6 Spellcasting
 + Level 4.7 Hexes
 + Level 4.7 Translocations
 + Level 4.7 Transmutations
 + Level 4.9 Evocations


You had 4 spell levels left.
You knew the following spells:

 Your Spells              Type           Power        Failure   Level  Hunger
a - Confusing Touch       Hex            ###...       2%          1    None
b - Sticks to Snakes      Tmut           ###.....     3%          2    ##.....
c - Apportation           Tloc           ###...       2%          1    None
d - Blade Hands           Tmut           ###.......   50%         5    ######.
e - Dazzling Spray        Conj/Hex       ##....       17%         3    ###....
f - Beastly Appendage     Tmut           ###...       1%          1    None

Your spell library contained the following spells:

 Spells                   Type           Power        Failure   Level  Hunger
 Corona                   Hex            ###....      2%          1    None
 Confuse                  Hex            ###.....     6%          3    ###....
 Gell's Gravitas          Tloc           ###.......   6%          3    ###....
 Tukima's Dance           Hex            ###.....     6%          3    ###....
 Ensorcelled Hibernation  Hex/Ice        ##....       9%          2    ##.....
 Animate Skeleton         Necr           N/A          16%         1    None
 Summon Small Mammal      Summ           #...         16%         1    None
 Spider Form              Tmut/Pois      ##........   17%         3    ###....
 Fulminant Prism          Conj/Hex       ##........   50%         4    ####...
 Ice Form                 Ice/Tmut       ##......     50%         4    ####...
 Petrify                  Tmut/Erth      ##......     50%         4    ####...
 Yara's Violent Unravell  Hex/Tmut       ###.......   52%         5    ######.
 Metabolic Englaciation   Hex/Ice        ##........   83%         5    ######.
 Darkness                 Hex            ###.......   97%         6    #######
 Portal Projectile        Hex/Tloc       Unusable     N/A         3    N/A

Dungeon Overview and Level Annotations

Branches:
Dungeon (8/15)             Temple (1/1) D:6          Bailey (visited)
   Lair: D:8-11

Altars:
Ashenzari
Cheibriados
Dithmenos
Elyvilon
Fedhas
Gozag
Hepliaklqana
Kikubaaqudgha
Makhleb
Nemelex Xobeh
Okawaru
Qazlal
Ru
Sif Muna
Trog
Uskayaw
Vehumet
Wu Jian
Xom
Yredelemnul
Zin
The Shining One

Shops:
D:8 !

Annotations:
D:7 exclusion: 2 killer bees
D:8 Pikel, Prince Ribbit


Innate Abilities, Weirdness & Mutations

You cannot wear armour.
You are incapable of wielding weapons or throwing items.
Your paws allow you to move quietly. (Stealth)
You have sharp claws.
You have razor-sharp teeth.
You have supernaturally acute eyesight. (SInv)
You are carnivorous and can eat meat at any time.
You cover ground quickly.
You are covered in thick fur. (AC +2)
You have a slow metabolism.
Your sharp claws are effective at attacking unaware monsters.
You have a pair of small horns on your head.
Your mind is acute. (Int +2)


Message History

You scratch the hippogriff but do no damage.
Your headbutt misses the hippogriff. The orc hits you but does no damage.
Prince Ribbit hits you. The howler monkey skeleton misses you.
A slave comes into view.
The hippogriff closely misses you. The hippogriff pecks you!
The hippogriff closely misses you.
The crimson imp throws a stone.
The stone completely misses you.
The stone hits the orc but does no damage.
The slave hits you but does no damage.
The slave shouts!
You scratch the hippogriff but do no damage.
Prince Ribbit hits you! The orc misses you. The hippogriff misses you.
The hippogriff closely misses you. The hippogriff misses you.
The howler monkey skeleton hits you.
The crimson imp throws a stone.
The stone completely misses you.
The stone closely misses the orc.
The slave hits you!
* * * LOW HITPOINT WARNING * * *
Prince Ribbit barely misses you. Prince Ribbit barely misses you.
The hippogriff bites you!
You die...

######## # #..o...# #.
#.####.. #. #.# ###
###. ##.######
.....#### .# #..?..H..
#...oF##K.p###...#####
#(...@pop..........###
#..#Z∩Hp......o....##.
# #.......#.......##.
...5....#.#...#.#
...........#...... .
...$............#.#>.
..........$...........
....#.......#$ .. ##


You could see a hippogriff, Prince Ribbit, Pikel, 4 slaves, a crimson imp, 2
orcs and a howler monkey skeleton.

Vanquished Creatures
  An orc knight (Bailey)
  A troll (D:7)
  Sigmund (D:4)
  3 orc warriors
  A sky beast (D:7)
  An ice beast (D:7)
  2 eyes of draining (D:3)
  An ogre (D:3)
  2 phantoms (D:7)
  2 centaurs
  Blork the orc (D:3)
  3 bullfrogs
  A gnoll sergeant (D:6)
  A scorpion (D:5)
  A howler monkey (D:4)
  A centaur zombie (D:8)
  A quasit (D:5)
  A bullfrog zombie (D:5)
  2 jellies (D:6)
  A centaur skeleton (D:7)
  7 hounds
  2 orc priests
  6 orc wizards
  Jessica (D:2)
  2 iguanas
  Ijyb (D:3)
  4 worker ants
  A killer bee zombie (D:6)
  3 hound skeletons
  3 hound zombies (D:5)
  A worker ant zombie (D:8)
  10 gnolls
  5 adders
  4 oozes
  An adder skeleton (D:4)
  An adder zombie (D:5)
  A leopard gecko (D:4)
  26 orcs
  A ball python (D:1)
  6 bats
  3 giant cockroaches
  10 goblins
  6 hobgoblins
  10 jackals
  14 kobolds
  2 quokkas
  5 frilled lizards
  A giant cockroach zombie (D:6)
  2 jackal skeletons
  4 rats
171 creatures vanquished.

Notes
Turn   | Place    | Note
-------+----------+-------------------------------------------
     0 | D:1      | Descartes the Felid Transmuter began the quest for the Orb.
     0 | D:1      | Reached XP level 1. HP: 9/9 MP: 4/4
   322 | D:1      | Reached skill level 1 in Stealth
   383 | D:1      | Reached XP level 2. HP: 12/12 MP: 6/6
   822 | D:2      | Noticed Jessica
   824 | D:2      | You fall into a shaft and drop 2 floors!
   853 | D:4      | Reached XP level 3. HP: 15/15 MP: 7/7
  1300 | D:4      | Found a blossoming altar of Fedhas.
  1300 | D:4      | Noticed Sigmund
  1454 | D:3      | HP: 1/22 [adder (5)]
  1455 | D:3      | Reached XP level 4. HP: 2/19 MP: 8/8
  1460 | D:3      | Succumbed to an adder's poison
  1461 | D:3      | Reached XP level 3. HP: 0/15 MP: 7/7
  1597 | D:3      | Noticed Ijyb
  1632 | D:3      | Killed Ijyb
  1632 | D:3      | Reached XP level 4. HP: 12/19 MP: 8/8
  1868 | D:3      | Learned a level 2 spell: Sticks to Snakes
  2095 | D:2      | Killed Jessica
  2095 | D:2      | Reached XP level 5. HP: 22/22 MP: 9/9
  2432 | D:3      | Noticed an eye of draining
  2433 | D:3      | Found a bloodstained altar of Trog.
  2434 | D:3      | Noticed an eye of draining
  2491 | D:3      | Killed an eye of draining
  2491 | D:3      | Reached skill level 5 in Dodging
  2491 | D:3      | Reached skill level 1 in Evocations
  2504 | D:3      | Killed an eye of draining
  2504 | D:3      | Gained mutation: You are covered in thick fur. (AC +2)
                  | [Felid growth]
  2504 | D:3      | Reached XP level 6. HP: 25/25 MP: 0/10
  3095 | D:4      | Reached skill level 5 in Unarmed Combat
  3165 | D:4      | Noticed Blork the orc
  3180 | D:3      | Reached skill level 5 in Stealth
  3180 | D:3      | Reached XP level 7. HP: 6/28 MP: 10/12
  3306 | D:3      | Killed Blork the orc
  3526 | D:4      | Found a sparkling altar of Nemelex Xobeh.
  3643 | D:4      | Learned a level 5 spell: Blade Hands
  3749 | D:4      | Found a blossoming altar of Fedhas.
  3799 | D:4      | Killed Sigmund
  3873 | D:4      | Found a sparkling altar of Nemelex Xobeh.
  4171 | D:5      | Entered Level 5 of the Dungeon
  4290 | D:5      | Learned a level 1 spell: Apportation
  4294 | D:5      | Learned a level 3 spell: Dazzling Spray
  4332 | D:5      | Reached XP level 8. HP: 32/32 MP: 12/14
  4340 | D:5      | Reached skill level 1 in Hexes
  4340 | D:5      | Reached skill level 1 in Translocations
  4968 | D:6      | Learned a level 1 spell: Confusing Touch
  5603 | D:6      | Gained mutation: Your mind is acute. (Int +2) [potion of
                  | mutation]
  5603 | D:6      | Gained mutation: You have a pair of small horns on your
                  | head. [potion of mutation]
  5695 | D:6      | Found a staircase to the Ecumenical Temple.
  5710 | Temple   | Entered the Ecumenical Temple
  6269 | D:7      | Found a flagged portal.
  6339 | Bailey   | Entered a bailey
  6367 | Bailey   | Noticed an orc warlord
  6420 | Bailey   | Found a runed translucent gate.
  6420 | Bailey   | Found a runed translucent gate.
  6420 | Bailey   | Found a runed translucent gate.
  6439 | Bailey   | Identified Hohiben's Grimoire of Execration
  6454 | Bailey   | Slain by an orc warlord
  6455 | Bailey   | Reached XP level 7. HP: -1/28 MP: 13/13
  6499 | Bailey   | Reached XP level 8. HP: 19/32 MP: 14/14
  6538 | Bailey   | Noticed an orc knight
  6565 | Bailey   | Killed an orc knight
  7213 | D:7      | Noticed a troll
  7217 | D:7      | Killed a troll
  7217 | D:7      | Reached XP level 9. HP: 35/35 MP: 16/16
  7572 | D:8      | HP: 1/35 [hippogriff (5)]
  7684 | D:8      | Found Meniz's Distillery.
  7686 | D:8      | Noticed Prince Ribbit
  7820 | D:8      | Noticed Pikel
  7824 | D:8      | Mangled by a hippogriff

Levels and vault maps discovered:
D:1:      mrwooster_arrival_statue_2, layout_rooms, serial_bayou_pond_a
D:2:      cheibrodos_old_hovel, layout_rooms, first_ration, uniq_jessica
D:3:      layout_basic, nrook_campfire, hangedman_abyss_or_decor_lesser_grid,
          trog_eyes_of_draining, uniq_ijyb
D:4:      layout_loops_ring, lemuel_crystal_altar, chequers_arboretum,
          nemelex_spade_bored_becter, uniq_sigmund, uniq_blork_the_orc
D:5:      layout_cave_pools, dk_vineyard_3
D:6:      layout_basic, minmay_temple_entry_stoned_glass, item_on_display_a
D:7:      layout_loops_cross, enter_bailey_3
D:8:      layout_loops_ring, serial_shops, shop, grunt_livestock,
          nemelex_xobeh_ov_fountains_minmay, uniq_joseph, uniq_pikel,
          uniq_prince_ribbit1
Temple:   regret_index_temple_sigil_plot

Skill      XL: |  1  2  3  4  5  6  7  8 |
---------------+-------------------------+-----
Stealth        | 1 2 3 4 5 6 7 |  7.7
Dodging        | 3 4 5 7 |  7.7
Unarmed Combat | 4 5 7 |  7.8
Evocations     | 1 2 4 |  4.9
Transmutations | 3 4 |  4.7
Spellcasting   | 3 4 |  4.6
Hexes          | 4 |  4.7
Translocations | 4 |  4.7
Fighting       | |  1.0

Action                   |  1- 3 |  4- 6 |  7- 9 || total
-------------------------+-------+-------+-------++-------
Melee: Unarmed           |   173 |   116 |   492 ||   781
       Bite              |     8 |    14 |    41 ||    63
       Punch             |     1 |     4 |    16 ||    21
       Headbutt          |       |       |    39 ||    39
 Cast: Beastly Appendage |       |     1 |       ||     1
       Confusing Touch   |       |       |    29 ||    29
       Sticks to Snakes  |       |       |     8 ||     8
       Blade Hands       |       |       |     1 ||     1
  Use: Potion            |     1 |       |     4 ||     5
       Scroll            |       |       |    15 ||    15
 Stab: Sleeping          |     3 |     7 |    11 ||    21
       Confused          |       |       |    12 ||    12
       Distracted        |       |       |     3 ||     3
  Eat: Chunk             |    13 |     4 |    15 ||    32
Armor: Skin              |    14 |       |    36 ||    50
Dodge: Dodged            |   157 |    63 |   471 ||   691
